 Dungeon Crawl Stone Soup version 0.16.2-12-gd0ad4c3 (webtiles) character file.

45581 kroki the Fighter (level 14, 0/146 HPs)
             Began as a Troll Gladiator on Feb 15, 2016.
             Was the Champion of Makhleb.
             Slain by a 16-headed hydra (4 damage)
             ... on level 11 of the Dungeon.
             The game lasted 00:23:52 (19450 turns).

kroki the Fighter (Troll Gladiator)                Turns: 19450, Time: 00:23:52

Health: 0/146      AC: 10    Str: 26    XL:     14   Next: 1%
Magic:  24/24      EV: 20    Int:  4    God:    Makhleb [******]
Gold:   1214       SH: 21    Dex: 14    Spells: 0 memorised, 13 levels left

rFire  . . .     SeeInvis .       - Unarmed
rCold  . . .     Clarity  .     U - +0 troll leather armour {Snorg}
rNeg   . . .     SustAb   .     D - +2 large shield
rPois  .         Gourm    +     c - +0 hat
rElec  +         Spirit   .     J - +2 cloak {MR+}
rCorr  .         Warding  .     (gloves unavailable)
rMut   .         Stasis   .     (boots unavailable)
MR     ++...                    Y - amulet of the Air {Inacc +Fly rElec EV+5 RMsl}
Stlth  +.........               R - +3 ring of slaying
                                K - +4 ring of evasion

@: repel missiles, very resistant to hostile enchantments, very unstealthy
A: unfitting armour, claws 3, fast metabolism 3, gourmand, regeneration 2,
shaggy fur 1, tough skin 2
a: Minor Destruction, Lesser Servant of Makhleb, Major Destruction, Greater
Servant of Makhleb, Renounce Religion, Evoke Flight


You were on level 11 of the Dungeon.
You worshipped Makhleb.
Makhleb was exalted by your worship.
You were not hungry.

You visited 3 branches of the dungeon, and saw 20 of its levels.
You also visited: Sewer.

You collected 1214 gold pieces.

Inventory:

Hand weapons
 Z - the +3 blowgun "Yluj" {speed, Stlth+, unknown}
   (You found it on level 7 of the Lair of Beasts)

   Attacks with this weapon are significantly faster.
   It makes you more stealthy.
Missiles
 d - 7 throwing nets {=f, !d}
Armour
 c - a +0 hat (worn)
 D - a +2 large shield (worn)
   (You found it on level 6 of the Dungeon)
 J - a +2 cloak of magic resistance (worn)
   (You took it off Maurice on level 10 of the Dungeon)
 U - a +0 troll leather armour (worn) {Snorg}
   (You found it on level 4 of the Lair of Beasts)
Jewellery
 e - an uncursed amulet of rage {+Rage, !d}
   (You found it on level 2 of the Dungeon)
 B - a cursed amulet of regeneration {+regen, !d}
   (You found it on level 6 of the Dungeon)
 K - a +4 ring of evasion (left claw)
   (You found it on level 9 of the Dungeon)
 P - an uncursed ring of positive energy {rN+}
   (You found it on level 10 of the Dungeon)
 R - a +3 ring of slaying (right claw)
   (You found it on level 6 of the Lair of Beasts)
 T - an uncursed ring of see invisible {sInv, !d}
   (You found it on level 4 of the Lair of Beasts)
 X - an uncursed amulet of resist mutation {unknown}
   (You found it on level 11 of the Dungeon)
 Y - the amulet of the Air (around neck) {Inacc +Fly rElec EV+5 RMsl}
   (You found it on level 7 of the Lair of Beasts)

   [amulet of inaccuracy]

   It reduces the accuracy of all your attacks.
   It affects your evasion (+5).
   It insulates you from electricity.
   It lets you fly.
   It protects you from missiles.
Magical devices
 r - a wand of disintegration (13)
   (You found it on level 4 of the Lair of Beasts)
 u - a wand of digging (11)
   (You found it on level 10 of the Dungeon)
 O - a wand of hasting (9)
   (You found it on level 9 of the Dungeon)
 W - a wand of paralysis (11)
   (You found it on level 6 of the Lair of Beasts)
Scrolls
 j - 2 scrolls of remove curse
 k - 3 scrolls of amnesia
 l - 7 scrolls of teleportation
 m - a scroll of silence
 n - 3 scrolls of identify
 x - 2 scrolls of magic mapping {!r}
 z - 2 scrolls of fear
 L - a scroll of enchant weapon
 S - a scroll of fog
 V - 2 scrolls of immolation {!r}
Potions
 b - 2 potions of degeneration {unknown}
 g - 5 potions of heal wounds
 h - 4 potions of flight
 i - 8 potions of might
 o - 6 potions of agility
 q - 10 potions of curing
 s - 6 potions of cancellation
 t - 9 potions of brilliance
 v - 5 potions of restore abilities
 A - a potion of ambrosia {!q}
 E - a potion of haste {unknown}
 G - 2 potions of cure mutation {!q}
 M - a potion of lignification {unknown}
Miscellaneous
 f - a stone of tremors
   (You found it on level 8 of the Lair of Beasts)
 y - a fan of gales
   (You found it on level 8 of the Lair of Beasts)
 C - a crystal ball of energy
   (You found it on level 8 of the Lair of Beasts)
Comestibles
 a - 9 meat rations {@e2}
 w - 13 bread rations {@e1}
 F - a slice of pizza
 H - 3 beef jerkies
 I - 29 fruits


   Skills:
 * Level 11.2 Fighting
 - Level 1.7 Throwing
 - Level 5.4 Dodging
 * Level 10.8 Shields
 * Level 11.1 Unarmed Combat
 - Level 10.4 Invocations


You had 13 spell levels left.
You didn't know any spells.

Dungeon Overview and Level Annotations

Branches:
Dungeon (11/15)            Temple (1/1) D:6            Lair (8/8) D:9
  Swamp (0/5) Lair:5        Snake (0/5) Lair:3        Slime (0/6) Lair:7
    Orc (0/4) D:11

Altars:
Ashenzari
Cheibriados
Dithmenos
Elyvilon
Fedhas
Gozag
Kikubaaqudgha
Makhleb
Nemelex Xobeh
Okawaru
Qazlal
Ru
Sif Muna
Trog
Vehumet
Xom
Yredelemnul
Zin
The Shining One
Jiyva
Lugonu

Shops:
D:11 [

Annotations:
Lair:7 Fannar


Innate Abilities, Weirdness & Mutations

You are too large for most types of armour.
You have claws for hands.
Your metabolism is lightning-fast.
You like to eat raw meat.
You heal very quickly.
You are covered in fur (AC +1).
You have very tough skin (AC +2).


Message History

The ten-headed hydra bites you.
You block the ten-headed hydra's attack. x2
The ten-headed hydra bites you but does no damage.
The ten-headed hydra barely misses you. The ten-headed hydra bites you!
A ten-headed hydra is nearby!
You rip one of the ten-headed hydra's heads off!
The nine-headed hydra grows two more!
You mangle the 11-headed hydra!! The 11-headed hydra barely misses you.
The 11-headed hydra completely misses you.
You block the 11-headed hydra's attack. x3
The 11-headed hydra closely misses you. The 11-headed hydra misses you.
The 11-headed hydra closely misses you. The 11-headed hydra bites you!
The 11-headed hydra bites you. The 11-headed hydra closely misses you.
A 11-headed hydra is nearby!
You rip one of the 11-headed hydra's heads off!
The ten-headed hydra grows two more!
You mangle the 12-headed hydra!! You block the 12-headed hydra's attack.
The 12-headed hydra closely misses you. The 12-headed hydra bites you.
You block the 12-headed hydra's attack. You block the 12-headed hydra's attack.
The 12-headed hydra misses you.
The 12-headed hydra bites you but does no damage.
The 12-headed hydra barely misses you. You block the 12-headed hydra's attack.
The 12-headed hydra completely misses you.
The 12-headed hydra bites you. The 12-headed hydra barely misses you.
A 12-headed hydra is nearby!
You are too injured to fight recklessly!
A 12-headed hydra is nearby!
You are too injured to fight recklessly!
You take 28 damage, and have 114/146 hp.
A 12-headed hydra is nearby!
You are too injured to fight recklessly!
A 12-headed hydra is nearby!
You are too injured to fight recklessly!
A 12-headed hydra is nearby!
You are too injured to fight recklessly!
Unknown command.
You barely miss the 12-headed hydra. The 12-headed hydra misses you.
You block the 12-headed hydra's attack. x4
The 12-headed hydra bites you! The 12-headed hydra misses you.
You block the 12-headed hydra's attack.
The 12-headed hydra completely misses you.
The 12-headed hydra bites you. The 12-headed hydra misses you.
The 12-headed hydra bites you but does no damage.
You take 13 damage, and have 101/146 hp.
You claw one of the 12-headed hydra's heads off!
The 11-headed hydra grows two more!
You scratch the 13-headed hydra.
The 13-headed hydra closely misses you. x2
The 13-headed hydra bites you but does no damage.
The 13-headed hydra barely misses you.
The 13-headed hydra bites you but does no damage.
The 13-headed hydra closely misses you. You block the 13-headed hydra's attack.
You block the 13-headed hydra's attack. x2
The 13-headed hydra completely misses you.
The 13-headed hydra misses you.
The 13-headed hydra bites you but does no damage.
The 13-headed hydra closely misses you.
You tear one of the 13-headed hydra's heads off!
The 12-headed hydra grows two more!
You claw the 14-headed hydra!
You block the 14-headed hydra's attack. x3
The 14-headed hydra bites you!
The 14-headed hydra completely misses you.
The 14-headed hydra bites you! The 14-headed hydra barely misses you.
The 14-headed hydra bites you!
The 14-headed hydra bites you but does no damage.
The 14-headed hydra misses you. x2
The 14-headed hydra bites you! x3
You take 56 damage, and have 46/146 hp.
MASSIVE DAMAGE!!
You claw one of the 14-headed hydra's heads off!
The 13-headed hydra grows two more!
You claw the 15-headed hydra!
You block the 15-headed hydra's attack. x3
The 15-headed hydra barely misses you.
The 15-headed hydra completely misses you. x2
The 15-headed hydra bites you.
* * * LOW HITPOINT WARNING * * *
The 15-headed hydra barely misses you. The 15-headed hydra misses you.
The 15-headed hydra completely misses you.
The 15-headed hydra barely misses you.
The 15-headed hydra bites you but does no damage. x2
The 15-headed hydra bites you.
* * * LOW HITPOINT WARNING * * *
The 15-headed hydra bites you!
* * * LOW HITPOINT WARNING * * *
You take 19 damage, and have 27/146 hp.
You tear one of the 15-headed hydra's heads off!
The 14-headed hydra grows two more!
You mangle the 16-headed hydra!!
Unknown command.
A demon appears!
You feel somewhat more hungry. You block the 16-headed hydra's attack.
The 16-headed hydra bites you.
* * * LOW HITPOINT WARNING * * *
The 16-headed hydra misses you. You block the 16-headed hydra's attack.
The 16-headed hydra bites you but does no damage.
The 16-headed hydra closely misses you. You block the 16-headed hydra's attack.
You block the 16-headed hydra's attack. The 16-headed hydra closely misses you.
The 16-headed hydra bites you but does no damage.
The 16-headed hydra bites you!
* * * LOW HITPOINT WARNING * * *
The 16-headed hydra misses you.
The 16-headed hydra bites you but does no damage.
The 16-headed hydra bites you.
You die...

. #####..(. #.## #.##.
#####).## #....
#.......# ####.
###.####..# #..
#......#..# #..
#######2#.##.#..# #.[
#.....#.#.##.#..######..
#.....#@#........#......
#.....D.##.#............
#.....####.###.#.#......
#..... #<##..#.###.#..
###### #.##.##.# #.#..
#.......# #.#..
####.#### #.#.. ######.#
#.##. #......# #....


You could see a 16-headed hydra (bleeding) and a friendly balrug.

Vanquished Creatures
  Harold (Lair:8)
  A catoblepas (Lair:6)
  Erica (D:10)
  2 death yaks (Lair:7)
  Nergalle (D:10)
  2 fire crabs (Lair:8)
  Erolcha (D:10)
  A griffon (Lair:8)
  An ugly thing (D:10)
  5 black mambas
  Maurice (D:10)
  Joseph (D:11)
  18 spiny frogs
  2 fire drakes
  3 komodo dragons
  25 blink frogs
  2 boulder beetles
  A basilisk (Lair:5)
  Eustachio (D:10)
  28 yaks
  5 vampire mosquitoes (Lair:8)
  A hog (D:7)
  11 hippogriffs
  A wyvern (D:11)
  A human (D:7)
  A naga (Lair:3)
  The ghost of Inquiry the Chopper, an average GrFi (D:3)
  9 wolves
  12 porcupines
  15 water moccasins
  4 ice beasts
  6 orc warriors
  A swamp drake (D:11)
  5 black bears
  A phantom (D:8)
  2 sky beasts
  8 ogres
  14 crocodiles
  A boring beetle (Lair:7)
  2 big kobolds
  33 giant frogs
  4 killer bees
  2 scorpions
  7 crimson imps
  A goliath beetle (D:9)
  4 electric eels
  5 hounds
  A centaur zombie (D:5)
  A centaur skeleton (D:11)
  10 iguanas
  A giant frog skeleton (D:8)
  6 orc priests
  3 worker ants
  12 hell rats (Lair:3)
  11 orc wizards
  A killer bee zombie (D:7)
  10 sheep
  A hound zombie (D:5)
  2 mummies
  A worker ant zombie (D:6)
  21 adders
  4 gnolls (D:7)
  96 river rats
  4 shadow imps
  A giant mite (D:3)
  3 worms
  An adder zombie (D:9)
  2 adder skeletons
  2 giant geckos
  49 orcs
  9 ball pythons
  15 bats
  2 bat skeletons
  11 giant cockroaches
  12 goblins
  10 hobgoblins
  16 jackals
  29 kobolds
  A giant gecko skeleton (D:5)
  7 giant newts
  A giant spore (D:6)
  2 jackal zombies
  A kobold zombie (D:7)
  13 quokkas
  48 rats
  A river rat zombie (D:9)
  A spectral orc (D:10)
  7 fungi
  4 plants
688 creatures vanquished.

Vanquished Creatures (collateral kills)
  Rupert (Lair:7)
  Snorg (Lair:4)
  A fire dragon (D:10)
  4 hydras
  3 death yaks (Lair:7)
  2 oklob plants
  2 wolf spiders (Lair:5)
  3 spiny frogs
  2 basilisks (Lair:5)
  A yak (Lair:7)
  5 wolves (Lair:5)
  A hippogriff (Lair:5)
  3 water moccasins
  A porcupine (Lair:5)
  An electric eel (Lair:4)
  2 hounds (Lair:5)
  An iguana (Lair:4)
  6 river rats
  5 adders (Lair:5)
  A giant mite (Lair:5)
  A bush (Lair:5)
  4 plants (Lair:5)
51 creatures vanquished.

Vanquished Creatures (others)
  2 green deaths
  An orc warrior (D:7)
  A crocodile (Lair:4)
  A river rat (Lair:5)
  An ufetubus (D:10)
  A kobold (D:7)
  A jackal (D:7)
  A butterfly (D:3)
  20 fungi
  20 plants
49 creatures vanquished.

Grand Total: 788 creatures vanquished

Notes
Turn   | Place    | Note
--------------------------------------------------------------
     0 | D:1      | kroki, the Troll Gladiator, began the quest for the Orb.
     0 | D:1      | Reached XP level 1. HP: 19/19 MP: 1/1
   300 | D:1      | Reached XP level 2. HP: 28/28 MP: 1/1
   756 | D:2      | Reached skill level 2 in Fighting
   756 | D:2      | Reached XP level 3. HP: 28/35 MP: 2/2
  1026 | D:2      | Reached skill level 3 in Dodging
  1067 | D:2      | Reached skill level 4 in Unarmed Combat
  1090 | D:2      | Reached XP level 4. HP: 32/42 MP: 2/2
  1720 | D:3      | Noticed Inquiry's ghost (average GrFi)
  1753 | D:3      | Killed Inquiry's ghost
  1753 | D:3      | Reached skill level 5 in Unarmed Combat
  1753 | D:3      | Reached XP level 5. HP: 19/50 MP: 2/2
  1785 | D:3      | Reached XP level 6. HP: 38/59 MP: 3/3
  1789 | D:3      | Found a white marble altar of Elyvilon.
  1932 | D:3      | Found a glowing drain.
  1951 | Sewer    | Entered a sewer
  1983 | Sewer    | Reached skill level 3 in Fighting
  2652 | D:3      | Reached skill level 4 in Dodging
  2795 | D:3      | Found a shattered altar of Ashenzari.
  2799 | D:3      | Found a blossoming altar of Fedhas.
  2803 | D:3      | Found a stormy altar of Qazlal.
  2875 | D:3      | Reached skill level 6 in Unarmed Combat
  2940 | D:3      | Reached XP level 7. HP: 67/67 MP: 3/3
  3665 | D:4      | Reached skill level 7 in Unarmed Combat
  3700 | D:4      | Found a snail-covered altar of Cheibriados.
  3892 | D:5      | Entered Level 5 of the Dungeon
  3905 | D:5      | Reached XP level 8. HP: 74/78 MP: 3/3
  3911 | D:5      | Reached skill level 4 in Fighting
  4099 | D:5      | Reached skill level 5 in Dodging
  4205 | D:5      | Reached skill level 8 in Unarmed Combat
  4975 | D:6      | Found a staircase to the Ecumenical Temple.
  5161 | Temple   | Entered the Ecumenical Temple
  5192 | Temple   | Became a worshipper of Makhleb the Destroyer
  5336 | D:6      | Found a glowing silver altar of Zin.
  5473 | D:6      | Found a deep blue altar of Sif Muna.
  5489 | D:6      | Reached skill level 1 in Shields
  5490 | D:6      | Found a radiant altar of Vehumet.
  5490 | D:6      | Found an ancient bone altar of Kikubaaqudgha.
  5498 | D:6      | Identified Sif Muna's Reference Book on Good Luck
  5505 | D:6      | Identified Vehumet's Papyrus of Battle Magic
  5514 | D:6      | Identified Kikubaaqudgha's Handbook of Dark Secrets
  5530 | D:6      | Reached XP level 9. HP: 62/87 MP: 4/4
  5550 | D:6      | Reached skill level 9 in Unarmed Combat
  5686 | D:7      | Reached skill level 2 in Shields
  5738 | D:7      | Acquired Makhleb's first power
  5738 | D:7      | Reached skill level 5 in Fighting
  5894 | D:7      | Found a bloodstained altar of Trog.
  5928 | D:7      | Reached skill level 3 in Shields
  5980 | D:7      | Found a shimmering altar of Xom.
  6429 | D:8      | Found a basalt altar of Yredelemnul.
  6811 | D:8      | Acquired Makhleb's second power
  6811 | D:8      | Reached skill level 4 in Shields
  6851 | D:8      | Reached skill level 10 in Unarmed Combat
  7242 | D:9      | Reached skill level 1 in Invocations
  7311 | D:9      | Reached skill level 2 in Invocations
  7356 | D:9      | Reached XP level 10. HP: 98/98 MP: 6/7
  7452 | D:9      | Reached skill level 3 in Invocations
  7462 | D:9      | Reached skill level 5 in Shields
  7500 | D:9      | Found a staircase to the Lair.
  7550 | D:9      | Acquired Makhleb's third power
  7976 | D:9      | Reached skill level 6 in Fighting
  8010 | D:10     | Entered Level 10 of the Dungeon
  8014 | D:10     | Noticed Erolcha
  8087 | Lair:1   | Entered Level 1 of the Lair of Beasts
  8087 | Lair:1   | Noticed an oklob plant
  8110 | Lair:1   | Reached skill level 4 in Invocations
  8233 | Lair:1   | Reached skill level 5 in Invocations
  8419 | Lair:1   | Reached skill level 6 in Invocations
  8439 | Lair:1   | Acquired Makhleb's fourth power
  9063 | Lair:1   | Reached skill level 7 in Invocations
  9204 | Lair:2   | Acquired Makhleb's fifth power
  9272 | Lair:2   | Reached XP level 11. HP: 105/105 MP: 18/18
  9499 | Lair:2   | Reached skill level 8 in Invocations
  9771 | Lair:2   | Noticed a black mamba
  9793 | Lair:2   | Killed a black mamba
 10149 | Lair:3   | Found a staircase to the Snake Pit.
 10296 | Lair:3   | Reached skill level 6 in Shields
 10395 | Lair:3   | Reached skill level 9 in Invocations
 10574 | Lair:3   | Reached skill level 7 in Fighting
 12186 | Lair:4   | Noticed Snorg
 12197 | Lair:4   | Killed Snorg
 12534 | Lair:5   | Noticed a seven-headed hydra
 12557 | Lair:5   | HP: 24/109 [seven-headed hydra (14)]
 12557 | Lair:5   | HP: 9/109 [seven-headed hydra (5)]
 12558 | Lair:5   | Killed a seven-headed hydra
 12558 | Lair:5   | Reached skill level 10 in Invocations
 12568 | Lair:5   | HP: 26/109 [wolf (3)]
 12573 | Lair:5   | Reached XP level 12. HP: 35/118 MP: 22/22
 12574 | Lair:5   | HP: 26/118 [electric eel/bolt of electricity (10)]
 12577 | Lair:5   | HP: 10/118 [electric eel/bolt of electricity (8)]
 12892 | Lair:5   | Found a staircase to the Swamp.
 12901 | Lair:5   | Noticed a five-headed hydra
 12908 | Lair:5   | Killed a five-headed hydra
 12912 | Lair:5   | Reached skill level 7 in Shields
 13535 | Lair:6   | Noticed a catoblepas
 13554 | Lair:6   | Killed a catoblepas
 13554 | Lair:6   | Reached skill level 8 in Fighting
 13979 | Lair:6   | Reached skill level 8 in Shields
 14452 | Lair:7   | Reached skill level 9 in Fighting
 14733 | Lair:7   | Got an iridescent blowgun
 14767 | Lair:7   | Found a viscous altar of Jiyva.
 14767 | Lair:7   | Found a staircase to the Slime Pits.
 14812 | Lair:7   | HP: 26/124 [death yak[the player character] (24)]
 14817 | Lair:7   | HP: 25/124 [poisoned by a green death (poison gas)]
 14822 | Lair:7   | HP: 27/124 [poisoned by a green death (poison gas)]
 14827 | Lair:7   | HP: 28/124 [poisoned by a green death (poison gas)]
 14957 | Lair:7   | Reached skill level 9 in Shields
 15024 | Lair:7   | Noticed Fannar
 15119 | Lair:7   | Noticed Rupert
 15130 | Lair:7   | Killed Rupert
 15196 | Lair:7   | Reached XP level 13. HP: 132/132 MP: 23/23
 15270 | Lair:7   | Noticed a five-headed hydra
 15274 | Lair:7   | Killed a five-headed hydra
 15436 | Lair:8   | Entered Level 8 of the Lair of Beasts
 15607 | Lair:8   | Noticed Harold
 15627 | Lair:8   | Killed Harold
 15703 | Lair:8   | Reached skill level 10 in Fighting
 16102 | Lair:8   | HP: 27/135 [fire crab] (17)]
 16103 | Lair:8   | HP: 6/135 [fire crab/blast of flame (8)]
 16109 | Lair:8   | HP: 30/135 [fire crab/blast of flame (2)]
 16110 | Lair:8   | HP: 6/135 [fire crab (12)]
 16110 | Lair:8   | HP: 1/135 [fire crab (5)]
 16116 | Lair:8   | HP: 32/135 [fire crab] (6)]
 16121 | Lair:8   | Reached skill level 10 in Shields
 16670 | Lair:8   | HP: 28/135 [fire crab] (20)]
 17147 | Lair:5   | Noticed a seven-headed hydra
 17159 | Lair:5   | Killed a seven-headed hydra
 17370 | Lair:1   | Killed an oklob plant
 17592 | D:10     | Noticed Erica
 17605 | D:10     | Killed Erica
 17608 | D:10     | Noticed Nergalle
 17625 | D:10     | Killed Nergalle
 17625 | D:10     | Reached skill level 11 in Fighting
 17830 | D:10     | Killed Erolcha
 18110 | D:10     | Noticed a cyan ugly thing
 18126 | D:10     | Killed a cyan ugly thing
 18210 | D:10     | Noticed Eustachio
 18214 | D:10     | Noticed Maurice
 18224 | D:10     | Reached skill level 11 in Unarmed Combat
 18257 | D:10     | Killed Maurice
 18264 | D:10     | Killed Eustachio
 18314 | D:10     | Noticed a fire dragon
 18323 | D:10     | Killed a fire dragon
 18823 | D:11     | Found a staircase to the Orcish Mines.
 19140 | D:11     | Found Saotatwo's Antique Armour Shop.
 19234 | D:11     | Reached XP level 14. HP: 146/146 MP: 24/24
 19236 | D:11     | Noticed Joseph
 19251 | D:11     | Killed Joseph
 19447 | D:11     | HP: 35/146 [15-headed hydra (6)]
 19450 | D:11     | HP: 14/146 [16-headed hydra (5)]
 19450 | D:11     | HP: 4/146 [16-headed hydra (10)]
 19450 | D:11     | Slain by a 16-headed hydra

Action                   |  1- 3 |  4- 6 |  7- 9 | 10-12 | 13-15 || total
-------------------------+-------+-------+-------+-------+-------++-------
Melee: Unarmed           |   104 |   222 |   427 |  1081 |   734 ||  2568
Invok: Greater Servant o |       |       |       |     8 |     6 ||    14
 Abil: Evoke Berserk Rag |       |       |     1 |       |       ||     1
  Use: Scroll            |     2 |     3 |    14 |     8 |     6 ||    33
       Potion            |       |       |     2 |     4 |     8 ||    14
 Stab: Invisible         |       |       |     3 |       |     2 ||     5
       Sleeping          |       |       |     1 |     3 |       ||     4
       Fleeing           |       |       |       |     1 |       ||     1
  Eat: Chunk             |     9 |    20 |    36 |    42 |    42 ||   149
       Meat ration       |       |       |     2 |       |       ||     2
       Beef jerky        |       |       |       |     6 |       ||     6
       Pizza             |       |       |       |    13 |       ||    13
       Royal jelly       |       |       |       |     1 |       ||     1

Vault maps used:
D:1:      minmay_arrival_solitary_statue, st_stairs_6
D:2:      serial_glass, glass_columns_b, glass_columns_b, glass_columns_a,
          glass_columns_c, glass_columns_c, glass_columns_a, glass_columns_a,
          glass_columns_a, dk_noncrumbling_3, kennysheep_generic_room_9
D:3:      nicolae_overflow_crystal_walls, grunt_temple_overflow_diamond,
          portal_sewer_entry_e
D:4:      cheibriados_altar_1
D:5:      black_bear_nest_2, first_bread, glass_columns_a
D:6:      grunt_temple_overflow_magic_moments, zin_academy, temple_doors_a,
          hex_tiny, grunt_decor_arrowhead
D:7:      xom_confusion_cloud, overflow_temple_1_default, grunt_livestock
D:8:      kennysheep_mini
D:9:      due_lair_maze_entry_diamond
D:10:     dragon1_lemuel, hangedman_abyss_or_decor_clamps,
          mrwooster_statue_mirror, uniq_eustachio, uniq_nergalle, uniq_erolcha,
          uniq_erica, uniq_maurice
D:11:     erik_orc_1, serial_shops, shop_statue, uniq_joseph
Temple:   corrupted_temple
Lair:1:   dpeg_stationary_puzzle, grunt_megastairs_5
Lair:2:   beast_lair_carwin_10
Lair:3:   lemuel_ratsnest, guppyfry_snake_entry_island
Lair:4:   wad_woods_river_01, serial_bayou_shore_a, uniq_snorg
Lair:5:   minmay_lair_venomous_thicket, minmay_swamp_entry_eels,
          minmay_lair_oklob_bushes, lemuel_fruit_fields, grunt_megastairs_3
Lair:7:   dpeg_slime_entry_enclosed_altar, lemuel_fruit_tree, uniq_rupert,
          uniq_fannar
Lair:8:   minmay_lair_end_frog_pond, nicolae_quartered_pool_medium, uniq_harold
Sewer:    sewer_minmay_treatment

Table legend:
 A = Turns spent in this place as a percentage of turns spent in the entire game.
 B = Non-inter-level travel turns spent in this place as a percentage of non-inter-level travel turns spent in the entire game.
 C = Inter-level travel turns spent in this place as a percentage of turns spent in this place.
 D = Turns resting spent in this place as a percentage of non-inter-level travel turns spent in this place.
 E = Turns spent auto-exploring this place as a percentage of non-inter-level travel turns spent in this place.
 F = Non-inter-level travel turns spent in this place divided by the number of levels of this place that you've seen.
                   A       B       C       D       E      F
               +-------+-------+-------+-------+-------+----------------------
         Total | 100.0 | 100.0 |   0.4 |   0.3 |   8.2 | 568.6
       Dungeon |  43.3 |  43.3 |   0.4 |   0.2 |   9.0 | 469.9
        Temple |   0.2 |   0.2 |   5.0 |   0.0 |  52.6 |  19.0
          Lair |  52.4 |  52.4 |   0.4 |   0.3 |   7.2 | 782.8
         Sewer |   4.1 |   4.1 |   0.0 |   0.0 |  11.0 | 490.0
               +-------+-------+-------+-------+-------+----------------------

Table legend:
 A = Kills in this place as a percentage of kills in entire the game.
 B = Kills by you in this place as a percentage of kills by you in the entire game.
 C = Kills by friends in this place as a percentage of kills by friends in the entire game.
 D = Other kills in this place as a percentage of other kills in the entire game.
 E = Experience gained in this place as a percentage of experience gained in the entire game.
 F = Experience gained in this place divided by the number of levels of this place that you have seen.
                   A       B       C       D       E      F
               +-------+-------+-------+-------+-------+----------------------
         Total | 100.0 | 100.0 | 100.0 | 100.0 | 100.0 | 3100.8
       Dungeon |  43.3 |  46.1 |   2.3 |   0.0 |  23.8 | 1411.4
          Lair |  50.0 |  46.8 |  97.7 | 100.0 |  75.8 | 6172.8
         Sewer |   6.7 |   7.1 |   0.0 |   0.0 |   0.3 | 209.0
               +-------+-------+-------+-------+-------+----------------------
